Map: Prion Terraces

Players

Petraeus - Winner!

  • Race: Zerg Zerg
  • League: Grandmaster

NoRegreT

  • Race: Zerg Zerg
  • League: Master

Event: Root's WW3

VOD

Have the link to the VOD?

Description

Time

  • Played on: Dec. 11, 2015, 8:37 a.m.
  • Length: 6:36

All games in this series

Show
View Real Time Build Order
Export as new Build Order

Petraeus Zerg - Winner!

Build Orders: Hatch First 

Get SALT Encoding   

  12  0:01  Drone  
  13  0:12  Overlord  
  13  0:17  Drone  
  14  0:32  Drone x2  
  16  0:36  Drone  
  17  0:52  Hatchery  
  17  0:54  Drone  
  17  0:57  Drone  
  17  1:03  Extractor  
  17  1:13  Spawning Pool  
  17  1:15  Drone  
  17  1:18  Drone  
  18  1:28  Drone  
  19  1:39  Overlord  
  19  1:50  Drone  
  20  1:59  Queen  
  20  2:01  Drone  
  23  2:03  Queen  
  23  2:04  Zergling x2  
  23  2:06  Metabolic Boost  
  26  2:13  Drone  
  26  2:15  Drone  
  28  2:22  Drone  
  29  2:25  Drone  
  29  2:28  Baneling Nest  
  29  2:35  Zergling x2, Queen  
  32  2:42  Overlord  
  32  2:48  Drone  
  32  2:49  Drone  
  34  2:57  Drone  
  35  3:01  Drone  
  36  3:10  Zergling x2  
  37  3:13  Baneling x2  
  37  3:14  Drone x3  
  37  3:16  Overlord  
  37  3:17  Zergling x6  
  43  3:25  Zergling x2  
  43  3:31  Overlord  
  43  3:35  Drone  
  43  3:37  Extractor, Baneling x2  
  43  3:40  Spine Crawler  
  42  3:44  Drone  
  42  3:47  Drone  
  44  3:50  Drone x3  
  44  3:52  Drone  
  48  3:58  Drone x2  
  48  3:59  Roach Warren  
  48  4:01  Zergling x2  
  48  4:09  Zergling x4  
  50  4:12  Baneling  
  50  4:13  Drone  
  51  4:22  Overlord x3  
  51  4:28  Zergling x4  
  52  4:40  Roach x2  
  52  4:42  Roach x2  
  52  4:44  Roach  
  61  4:46  Baneling x2  
  61  4:52  Roach  
  62  4:55  Roach x2  
  62  4:56  Roach x2  
  68  5:00  Zergling x6  
  68  5:07  Queen  
  68  5:08  Zergling x2  
  68  5:12  Zergling x2  
  72  5:21  Zergling x2  
  72  5:26  Roach x5  
  82  5:28  Hatchery  
  82  5:31  Baneling  
  82  5:32  Baneling x4  
  81  5:37  Roach, Zergling x2  
  81  5:42  Overlord  
  80  5:44  Roach  
  80  5:45  Zergling x2  
  82  5:52  Overlord x2  
  82  6:00  Drone  
  82  6:01  Drone  
  82  6:04  Extractor  
  83  6:05  Evolution Chamber  
  83  6:07  Drone  
  83  6:10  Overlord  
  82  6:19  Drone  
Show
View Real Time Build Order
Export as new Build Order

NoRegreT Zerg 

Build Orders: Hatch First 

Get SALT Encoding   

  12  0:01  Drone  
  13  0:08  Drone  
  14  0:23  Drone x2, Extractor x2  
  16  0:29  Overlord  
  16  0:55  Hatchery  
  15  0:57  Drone  
  15  1:00  Drone  
  17  1:11  Extractor  
  16  1:14  Spawning Pool  
  16  1:15  Drone  
  16  1:20  Drone  
  16  1:24  Drone  
  18  1:33  Drone  
  19  1:43  Drone  
  20  1:51  Overlord  
  20  2:07  Queen x2  
  24  2:14  Zergling x2  
  25  2:16  Metabolic Boost  
  25  2:18  Drone x2  
  27  2:26  Drone  
  27  2:28  Overlord  
  28  2:31  Zergling x2  
  28  2:34  Zergling x2  
  30  2:38  Baneling Nest  
  30  2:42  Zergling x2  
  30  2:46  Zergling x2  
  30  2:50  Zergling x2  
  32  2:59  Evolution Chamber, Zergling x2  
  32  3:03  Zergling x2  
  32  3:07  Drone  
  34  3:14  Drone x2  
  34  3:17  Drone x2  
  34  3:19  Drone  
  39  3:21  Drone x2  
  39  3:23  Drone  
  42  3:30  Drone x2  
  42  3:32  Roach Warren  
  43  3:35  Extractor  
  43  3:36  Zergling x2  
  43  3:40  Extractor, Zergling x2  
  43  3:49  Zergling x2  
  42  3:56  Zergling x4  
  43  4:03  Lair  
  43  4:04  Drone, Overlord  
  43  4:05  Overlord  
  44  4:12  Overlord  
  43  4:24  Roach x3  
  43  4:25  Roach  
  43  4:31  Roach x5  
  61  4:34  Zerg Missile Weapons Level 1, Roach x3  
  65  4:53  Roach x2  
  65  5:08  Roach  
  65  5:09  Glial Reconstitution  
  65  5:10  Overlord  
  66  5:17  Overlord  
  66  5:20  Hatchery  
  64  5:25  Overlord  
  64  5:28  Zergling x4  
  64  5:29  Zergling x4  
  64  5:33  Overlord  
  68  5:41  Zergling x8  
  68  5:44  Zergling x6  
  65  5:50  Zergling x4  
  65  5:52  Overseer  
  65  5:54  Drone  
  65  5:56  Drone  
  67  6:02  Drone, Hydralisk Den, Extractor  
  66  6:06  Drone  
  66  6:10  Drone x2  
  66  6:11  Drone x4  
Tags
 
Add a new tag
Caveats
  • Supply blocks, unpowered buildings, or Contaminate may cause inaccurate times.
  • Supply counts are checked every 10 seconds.